 Dungeon Crawl Stone Soup version 0.16.2-2-g470672f (webtiles) character file.

63 SirGodfroy the Ruffian (level 3, 0/28 HPs)
             Began as a Draconian Transmuter on Aug 16, 2015.
             Slain by an orc
             ... wielding a +0 war axe
              (4 damage)
             ... on level 3 of the Dungeon.
             The game lasted 00:07:02 (1530 turns).

SirGodfroy the Ruffian (Draconian Transmuter)       Turns: 1530, Time: 00:07:03

Health: 0/28       AC:  5    Str: 12    XL:     3   Next: 89%
Magic:  6/6        EV: 12    Int: 14    God:
Gold:   35         SH:  0    Dex: 11    Spells: 2 memorised, 2 levels left

rFire  . . .     SeeInvis .       - Unarmed
rCold  . . .     Clarity  .     (armour unavailable)
rNeg   + . .     SustAb   .     (no shield)
rPois  .         Gourm    .     (helmet restricted)
rElec  .         Spirit   .     (no cloak)
rCorr  .         Warding  +     (no gloves)
rMut   .         Stasis   .     (boots unavailable)
MR     .....                    e - amulet of warding
Stlth  +.........               (no ring)
                                (no ring)

@: lethally poisoned (0 -> -6), appendage (expiring), very slightly
contaminated, not resistant to hostile enchantments, very unstealthy
A: unfitting armour, talons 3, cold-blooded, AC +5
a: End Transformation


You were on level 3 of the Dungeon.
You were hungry.
You had grown temporary talons.
You visited 1 branch of the dungeon, and saw 3 of its levels.

You collected 35 gold pieces.

Inventory:

Hand weapons
 l - a +1 short sword of venom
Missiles
 b - 27 arrows
Jewellery
 e - an amulet of warding (around neck)
Scrolls
 f - 2 scrolls of teleportation {unknown}
 g - a scroll of magic mapping {unknown}
 i - a scroll of recharging {unknown}
 m - a scroll of amnesia {unknown}
Potions
 h - a potion of curing {unknown}
 j - 2 potions of degeneration {unknown}
 k - 2 potions of magic
Books
 d - a book of Changes

   Spells                             Type                      Level
   a - Beastly Appendage              Transmutation                1
   b - Sticks to Snakes               Transmutation                2
   c - Spider Form                    Transmutation/Poison         3
   d - Ice Form                       Ice/Transmutation            4
   e - Blade Hands                    Transmutation                5
Comestibles
 a - a bread ration
 c - a royal jelly


   Skills:
 - Level 1.1 Fighting
 - Level 1.7 Dodging
 + Level 4.8 Unarmed Combat
 - Level 2.0 Spellcasting
 - Level 2.0 Transmutations


You had 2 spell levels left.
You knew the following spells:

 Your Spells              Type           Power        Failure   Level  Hunger
a - Beastly Appendage     Trmt           #.....       12%         1    ##.....
b - Spider Form           Trmt/Pois      #.........   47%         3    ####...


Dungeon Overview and Level Annotations

Branches:
Dungeon (3/15)

Altars:
Dithmenos
Zin


Innate Abilities, Weirdness & Mutations

Your plain brown scales are hard (AC +5).
Your body does not fit into most forms of armour.
Your cold-blooded metabolism reacts poorly to cold.
You have claws for feet.


Message History

The giant cockroach barely misses you. The adder bites you.
* * * LOW HITPOINT WARNING * * *
The orc hits you but does no damage.
You hit the orc but do no damage.
The orc is almost dead.
The giant cockroach bites you but does no damage.
The adder barely misses you. The orc misses you.
You hit the orc but do no damage.
Your tail-slap misses the orc.
The orc is almost dead.
The giant cockroach barely misses you. The adder closely misses you.
The giant cockroach closely misses you. The adder bites you.
* * * LOW HITPOINT WARNING * * *
You are lethally poisoned!
The adder poisons you!
* * * LOW HITPOINT WARNING * * *
You feel sick.
Drink which item? (? for menu, Esc to quit)
It was a potion of magic.
Magic courses through your body. The orc hits you with a war axe.
You die...

#......# #......#
#......##
###.......
....>... #.....#
#...S.# #...so#
.# #....@# .#
#.....# .#
#.....######.###
#................
###.........####
#.........#
#.........####..
######...........
#..........


You could see an adder, an orc and a giant cockroach.

Vanquished Creatures
  Robin (D:2)
  An adder (D:2)
  A worm (D:3)
  10 goblins
  5 hobgoblins (D:2)
  8 jackals
  A quokka (D:2)
  2 bats (D:1)
  A giant cockroach (D:2)
  6 rats
36 creatures vanquished.

Notes
Turn   | Place    | Note
--------------------------------------------------------------
     0 | D:1      | SirGodfroy, the Draconian Transmuter, began the quest for the Orb.
     0 | D:1      | Reached XP level 1. HP: 16/16 MP: 3/3
   283 | D:1      | Reached XP level 2. HP: 14/23 MP: 2/4
   344 | D:2      | Found a shadowy altar of Dithmenos.
   764 | D:2      | Found a glowing silver altar of Zin.
   860 | D:2      | Reached skill level 4 in Unarmed Combat
   877 | D:2      | Reached XP level 3. HP: 19/28 MP: 4/6
  1119 | D:2      | Noticed Robin
  1128 | D:2      | Learned a level 3 spell: Spider Form
  1137 | D:2      | Killed Robin
  1496 | D:2      | You fall through a shaft!
  1530 | D:3      | Slain by an orc

Action                   || total
-------------------------++-------
Melee: Unarmed           ||   130
 Cast: Beastly Appendage ||    14
       Spider Form       ||     1
  Use: Potion            ||     3
  Eat: Chunk             ||     2
